 Dungeon Crawl Stone Soup version 0.30.1-4-g462c640d31 (webtiles) character file.

Game seed: 15122334732028560224

53 booth the Ducker (level 3, -1/17 HPs)
             Began as a Felid Chaos Knight on Aug 13, 2023.
             Was a Plaything of Xom.
             Slain by a worm (11 damage)
             ... on level 2 of the Dungeon.
             The game lasted 00:11:07 (1251 turns).

booth the Ducker (Felid Chaos Knight)               Turns: 1251, Time: 00:11:07

Health: -1/17      AC:  1    Str: 10    XL:     3   Next: 62%
Magic:  4/4        EV: 18    Int: 13    God:    Xom [..*...]
Gold:   19         SH:  0    Dex: 15    Spells: 2/2 levels left
                                        Lives:  0   Deaths: 0

rFire   . .          .
                       - Unarmed
rCold   . . .        (shield unavailable)
rNeg    . . .        (body armour unavailable)
rPois   .            (helmet unavailable)
rElec   .            (cloak unavailable)
rCorr   .            (gloves unavailable)
SInv    +            (boots unavailable)
Will    .....        (no amulet)
Stlth   ++           (no ring)
HPRegen 0.22/turn    (no ring)
MPRegen 0.09/turn

%: no passive effects
@: quick
A: very small, claws 1, fangs 3, see invisible, speed 1, shaggy fur 1, stealthy
paws, no weapons or thrown items, no armour, multi-lived
a: Renounce Religion


You were on level 2 of the Dungeon.
You worshipped Xom.
You were a toy of Xom.
You visited 1 branch of the dungeon, and saw 2 of its levels.

You collected 19 gold pieces.

Inventory:

Wands
 d - a wand of polymorph (2)
Scrolls
 c - a scroll of identify
 e - a scroll of fog {unknown}
 f - a scroll of fear {unknown}
 g - a scroll of blinking {unknown}
Potions
 b - 3 potions of curing
 h - a potion of brilliance {unknown}
Miscellaneous
 a - a piece from Xom's chessboard (15/15) (quivered)


   Skills:
 + Level 3.4 Fighting
 + Level 3.8 Dodging
 + Level 1.1 Stealth
 + Level 3.4 Unarmed Combat
 + Level 0.3 Spellcasting
 + Level 1.0 Hexes
 + Level 0.4 Summonings
 + Level 0.8 Translocations


You had 2 spell levels left.
You didn't know any spells.
Your spell library contained the following spells:

 Spells                   Type           Power      Damage    Failure   Level
 Slow                     Hex            8%         N/A       21%         1
 Summon Small Mammal      Summ           4%         N/A       26%         1
 Confusing Touch          Hex            2%         N/A       52%         3
 Summon Guardian Golem    Hex/Summ       2%         N/A       56%         3
 Call Canine Familiar     Summ           1%         N/A       58%         3
 Vampiric Draining        Necr           0%         2d6       65%         3


Dungeon Overview and Level Annotations

Branches:
Dungeon (2/15)

Altars:

Shops:
D:2 [


Innate Abilities, Weirdness & Mutations

You have sharp claws.
You have razor-sharp teeth.
You have supernaturally acute eyesight. (SInv)
You cover ground quickly. (Speed+)
You are covered in fur. (AC +1)
Your paws help you pounce on unaware monsters.
You are incapable of wielding weapons or throwing items.
You cannot wear armour.
You gain extra lives every three experience levels.


Message History

You are frozen.
You scratch the endoplasm but do no damage.
The endoplasm is moderately wounded.
The endoplasm hits you.
You scratch the endoplasm. You bite the endoplasm.
The endoplasm is severely wounded.
The endoplasm completely misses you.
You claw the endoplasm!
You kill the endoplasm!
Your Stealth skill increases to level 1!
You start resting.
HP restored.
Found a whip.
You see here a +0 dagger.
You see here a +0 whip.
Found a sling.
Found a potion of curing.
You see here a +0 sling.
Found 6 boomerangs.
b - 3 potions of curing (gained 1)
Found a ring mail.
A worm comes into view.
You see here 6 boomerangs.
Found a mace.
You barely miss the worm. You scratch the worm.
The worm is lightly wounded.
The worm bites you!
You scratch the worm.
The worm is moderately wounded.
You scratch the worm. Your bite misses the worm.
The worm is moderately wounded.
The worm completely misses you.
You barely miss the worm.
The worm is moderately wounded.
You scratch the worm.
The worm is heavily wounded.
The worm bites you!
Ouch! That really hurt!
You die...

.......##.# ....##.## #......
.......#..#######.....## #......
....<....##)...........# #......
........###............#######..#
.................................
.......####..........##...#####..
.......# #.............#.....#..
.......# ##..........##....).....
.<.............w@..(.##.#.#####..
.......####..........##...# #..
......## #..........##.### #..
.....## ############### #.. #..
###


You could see a worm.

Vanquished Creatures
  2 adders (D:2)
  2 dart slugs (D:1)
  2 bats
  4 endoplasms
  2 giant cockroaches
  3 hobgoblins (D:1)
  4 jackals (D:2)
  3 ball pythons
  A frilled lizard (D:1)
  4 kobolds
  A rat (D:1)
28 creatures vanquished.

Notes
Turn   | Place    | Note
-------+----------+-------------------------------------------
     0 | D:1      | booth the Felid Chaos Knight began the quest for the Orb.
     0 | D:1      | Reached XP level 1. HP: 10/10 MP: 2/2
   106 | D:1      | Reached XP level 2. HP: 14/14 MP: 3/3
   481 | D:1      | XOM: silly message
   783 | D:2      | XOM: smoke on damage
   787 | D:2      | Reached XP level 3. HP: 9/17 MP: 4/4
   992 | D:2      | Found Vorisch's Antique Armour Boutique.
  1016 | D:2      | Reached skill level 1 in Hexes
  1155 | D:2      | Reached skill level 1 in Stealth
  1251 | D:2      | Slain by a worm

Illustrated notes

Levels and vault maps discovered:
D:1:      minmay_arrival_radiant_lines, layout_rooms, dk_noncrumbling_2,
          minmay_misc_feat_tiny, palyth_stone_intersect,
          minmay_tree_intersection
D:2:      layout_rooms, serial_shops, nicolae_shop_rolling_square, uniq_jessica

Skill      XL: |  1  2  3 |
---------------+----------+-----
Hexes          | 1 |  1.0
Stealth        | 1 |  1.1
Fighting       | |  3.4
Dodging        | |  3.8
Unarmed Combat | |  3.4
Spellcasting   | |  0.3
Summonings     | |  0.4
Translocations | |  0.8

Action                     || total
---------------------------++-------
  Melee: Unarmed           ||   101
         Punch             ||     6
         Bite              ||     4
    Use: Scroll            ||     1
         Potion            ||     1
   Stab: Sleeping          ||     1
 Armour: Skin              ||     5
  Dodge: Dodged            ||    58
